 Dungeon Crawl Stone Soup version 0.30-a0-476-g330ca2eb8e (webtiles) character file.

Game seed: 2574516530756479878

109 gohu the Covered (level 4, -1/29 HPs)
             Began as a Gargoyle Fighter on Dec 21, 2022.
             Slain by a gnoll
             ... wielding a +0 flail
              (8 damage)
             ... on level 3 of the Dungeon.
             The game lasted 00:04:53 (2362 turns).

gohu the Covered (Gargoyle Fighter)                 Turns: 2362, Time: 00:04:53

Health: -1/29      AC: 11    Str: 22    XL:     4   Next: 90%
Magic:  4/4        EV:  9    Int:  8    God:
Gold:   224        SH:  4    Dex:  9    Spells: 3/3 levels left

rFire   . . .      SeeInvis .    a - +0 flail
rCold   . . .      Faith    .    c - +0 buckler
rNeg    + . .      Spirit   .    b - +0 scale mail
rPois   ∞          Reflect  .    (no helmet)
rElec   +          Harm     .    (no cloak)
rCorr   .          Rampage  .    q - +0 pair of gloves
Will    .....                    (no boots)
Stlth   ..........               (no amulet)
HPRegen 0.24/turn                (no ring)
MPRegen 0.09/turn                (no ring)

@: no status effects
A: sickness immunity, AC +3, negative energy resistance 1, electricity
resistance, torment resistance 1, petrification resistance
a: no special abilities


You were on level 3 of the Dungeon.
You visited 1 branch of the dungeon, and saw 4 of its levels.

You collected 224 gold pieces.

Inventory:

Hand Weapons
 a - a +0 flail (weapon)
Armour
 b - a +0 scale mail (worn)
 c - a +0 buckler (worn)
 q - a +0 pair of gloves (worn)
Scrolls
 e - 5 scrolls of teleportation {unknown}
 g - 5 scrolls of identify {unknown}
 h - a scroll of fog {unknown}
 i - a scroll of torment {unknown}
 k - 2 scrolls of fear {unknown}
 l - a scroll of magic mapping {unknown}
 m - a scroll of enchant weapon {unknown}
 p - a scroll of amnesia {unknown}
Potions
 d - 2 potions of heal wounds {unknown}
 f - a potion of curing {unknown}
 j - a potion of haste {unknown}
 n - a potion of ambrosia {unknown}
 o - a potion of cancellation {unknown}
 r - a potion of lignification {unknown}


   Skills:
 + Level 3.7 Fighting
 * Level 3.8 Maces & Flails
 + Level 3.8 Armour
 + Level 3.8 Shields


You had 3 spell levels left.
You didn't know any spells.
Your spell library contained the following spells:

 Spells                   Type           Power      Damage    Failure   Level
 Portal Projectile        Hex/Tloc       0%         N/A       99%         3
 Tukima's Dance           Hex            0%         N/A       99%         3
 Blade Hands              Tmut           0%         N/A       100%        5


Dungeon Overview and Level Annotations

Branches:
Dungeon (4/15)
 Temple: D:4-7

Altars:
Hepliaklqana
Sif Muna
Yredelemnul


Innate Abilities, Weirdness & Mutations

You are immune to sickness and miasma.
Your stone body is resilient. (AC +3)
You are immune to poison.
You resist negative energy. (rN+)
You are resistant to electric shocks. (rElec)
You are resistant to unholy torment.
You are immune to petrification.


Message History

The gnoll shouts! x3
The gnoll moves out of view.
You closely miss the gnoll. The gnoll attacks as you move away!
The gnoll hits you with a +0 flail. The gnoll attacks as you move away!
You block the gnoll's attack.
The gnoll throws a throwing net.
The throwing net hits you.
You become entangled in the net!
You see here a throwing net.
You struggle against the net.
You struggle against the net.
The gnoll hits you but does no damage. The gnoll hits you with a +0 flail.
You struggle against the net.
The gnoll hits you but does no damage. The gnoll hits you with a +0 flail.
You shred the net and break free! The gnoll hits you but does no damage.
The gnoll hits you with a +0 flail. x2
The gnoll attacks as you move away! The gnoll barely misses you.
The gnoll throws a throwing net.
The throwing net hits you.
You become entangled in the net!
You see here a throwing net.
You struggle against the net.
The gnoll barely misses you.
You struggle against the net.
The gnoll hits you with a +0 whip. The gnoll hits you with a +0 flail.
The gnoll closely misses you.
You shred the net and break free! The gnoll barely misses you.
The gnoll hits you but does no damage. The gnoll hits you with a +0 flail!
* * * LOW HITPOINT WARNING * * *
The gnoll attacks as you move away! The gnoll barely misses you.
The gnoll attacks as you move away! You block the gnoll's attack.
The gnoll attacks as you move away! The gnoll hits you but does no damage.
The gnoll throws a throwing net.
The throwing net barely misses you.
There is an open door here.
Things that are here:
a +0 whip; a gnoll corpse
There is a stone staircase leading up here.
You block the gnoll's attack.
You climb upwards.
There is a stone staircase leading down here.
You hit the gnoll.
The gnoll is heavily wounded.
The gnoll hits you with a +0 flail!
You die...

##...###########.#.#
.....†....######.#.#
##...###...........#
##..[# ##.....##.#.#
.....# #####.##...
.....# #.##..# ##...#
#.##..# ##...# #.##.)#
.#...# ####.##@.#
.....#####....##g.#
...........#..##..#
.....###...#...#..#
...#.....#####.#..####
.#...###g..#...)......
###.## ##g.#..<...####
#.# ##.g.....## #.#
#########


You could see a gnoll.

Vanquished Creatures
  4 gnolls
  An adder (D:2)
  A worm (D:2)
  4 dart slugs
  2 orcs (D:3)
  3 ball pythons
  4 endoplasms
  2 giant cockroaches (D:2)
  3 goblins
  2 hobgoblins
  9 kobolds
  A quokka (D:2)
  5 bats
  5 frilled lizards
  A rat (D:1)
47 creatures vanquished.

Vanquished Creatures (others)
  2 plants (D:3)
2 creatures vanquished.

Grand Total: 49 creatures vanquished

Notes
Turn   | Place    | Note
-------+----------+-------------------------------------------
     0 | D:1      | gohu the Gargoyle Fighter began the quest for the Orb.
     0 | D:1      | Reached XP level 1. HP: 14/14 MP: 1/1
   132 | D:1      | You fall into a shaft and drop 1 floor!
   181 | D:2      | Reached XP level 2. HP: 19/19 MP: 2/2
   435 | D:1      | Reached XP level 3. HP: 23/23 MP: 3/3
  1438 | D:3      | Reached XP level 4. HP: 27/28 MP: 4/4
  1900 | D:3      | Found a hazy altar of Hepliaklqana.
  1900 | D:3      | Found a shimmering blue altar of Sif Muna.
  1906 | D:3      | Found a basalt altar of Yredelemnul.
  2362 | D:3      | Slain by a gnoll

Illustrated notes

Levels and vault maps discovered:
D:1:      amcnicky_arrival_double_pillar, layout_loops_ring
D:2:      layout_basic
D:3:      layout_loops_ring, gammafunk_temple_overflow_forgotten,
          shapermc_ecumenical_altar_flowoftime, minivault_26
D:4:      layout_gridville, elyvilon_altar_1, kennysheep_generic_room_2

Skill      XL: |  1  2  3 |
---------------+----------+-----
Maces & Flails | 3 |  3.8
Fighting       | |  3.7
Armour         | |  3.8
Shields        | |  3.8

Action                   |  1- 3 |  4- 6 || total
-------------------------+-------+-------++-------
Melee: Flail             |    90 |    76 ||   166
  Use: Potion            |     1 |       ||     1
Armor: Scale mail        |    52 |    45 ||    97
Dodge: Dodged            |    47 |    32 ||    79
Block: Buckler           |    20 |    18 ||    38

Table legend: (Time is in decaauts)
 A = Elapsed time spent in this place.
 B = Non-inter-level travel time spent in this place.
 C = Inter-level travel time spent in this place.
 D = Time resting spent in this place.
 E = Time spent auto-exploring this place.
 F = Levels seen in this place.
 G = Mean time per level.
                   A        B        C        D        E       F      G
               +--------+--------+--------+--------+--------+-----+--------+
         Total |   2409 |   2287 |    122 |    118 |   1614 |   4 |  602.2 |
       Dungeon |   2409 |   2287 |    122 |    118 |   1614 |   4 |  602.2 |
               +--------+--------+--------+--------+--------+-----+--------+

Top non-repeatable levels by time:
     D:1: 850 daAuts
     D:2: 648 daAuts
     D:3: 635 daAuts
     D:4: 274 daAuts
